 Dungeon Crawl Stone Soup version 0.19.0-24-gb05acd6 (webtiles) character file.

14179 Monsterracer the Severer (level 11, -17/150 HPs)
             Began as a Deep Dwarf Berserker on Nov 21, 2016.
             Was an Elder of Trog.
             Demolished by a skeletal warrior
             ... wielding a +2 dire flail of flaming
              (20 damage)
             ... in a volcano.
             The game lasted 00:37:47 (8989 turns).

Monsterracer the Severer (Deep Dwarf Berserker)     Turns: 8989, Time: 00:37:48

Health: -17/150    AC: 17    Str: 27    XL:     11   Next: 85%
Magic:  0/15       EV:  9    Int:  7    God:    Trog [****..]
Gold:   179        SH:  0    Dex: 18    Spells: 0 memorised, 10 levels left

rFire  + + +     SeeInvis .     q - +4 battleaxe (curse)
rCold  x . .     Gourm    .     u - +0 plate armour {rF+}
rNeg   + . .     Faith    .     (shield currently unavailable)
rPois  .         Spirit   +     (no helmet)
rElec  .         Reflect  .     j - +0 cloak
rCorr  .         Harm     .     l - +1 pair of gloves {Dex+3}
MR     ++...                    (no boots)
Stlth  ..........               v - amulet of guardian spirit
                                y - ring of fire
                                F - ring of Lovaekk Uphi {rN+ MR+ Slay+2}

@: berserking (expiring), starving, non-regenerating, very quick
A: damage resistance, recharge devices, fire resistance 1, low mp 1, sense
surroundings 2, slow regeneration 3, wild magic 1, evolution 1
a: Device Recharging, Berserk, Trog's Hand, Brothers in Arms, Burn Spellbooks,
Renounce Religion


You were in a volcano.
You worshipped Trog.
Trog was greatly pleased with you.
You were starving.

You visited 2 branches of the dungeon, and saw 12 of its levels.
You also visited: Volcano.

You collected 989 gold pieces.
You spent 810 gold pieces at shops.

Inventory:

Hand Weapons
 m - a +4 executioner's axe of chopping
 q - a cursed +4 battleaxe (weapon)
Armour
 h - the +2 scale mail of the Spheres {rC- MR+++ Str+4 Dex-3}
   (You found it on level 10 of the Dungeon)

   It affects your strength (+4).
   It affects your dexterity (-3).
   It makes you vulnerable to cold.
   It affects your resistance to hostile enchantments.
 j - a +0 cloak (worn)
 l - a +1 pair of gloves of dexterity (worn)
 u - a +0 plate armour of fire resistance (worn)
 B - a +1 chain mail of cold resistance
 E - the +1 plate armour of Ipus {Dex+3}
   (You found it on level 10 of the Dungeon)

   It affects your dexterity (+3).
 L - a +1 scale mail of poison resistance
Jewellery
 b - a +5 ring of evasion
 k - an uncursed ring of resist corrosion
 s - the ring "Kikugoklou" {rPois rC- EV+4 Str+2}
   (You found it on level 4 of the Dungeon)

   [ring of evasion]

   It affects your evasion (+4).
   It affects your strength (+2).
   It makes you vulnerable to cold.
   It protects you from poison.
 v - an amulet of guardian spirit (around neck)
 y - a ring of fire (right hand)
 F - the ring of Lovaekk Uphi (left hand) {rN+ MR+ Slay+2}
   (You bought it in a shop on level 6 of the Dungeon)

   [ring of protection from magic]

   It affects your accuracy and damage with ranged weapons and melee attacks
   (+2).
   It protects you from negative energy.
   It affects your resistance to hostile enchantments.
Wands
 c - a wand of heal wounds (3/9)
 x - a wand of paralysis (12/24)
 z - a wand of paralysis (12/24)
 A - a wand of iceblast (5/15)
 J - a wand of flame (39/48)
 K - a wand of random effects (22/48)
Scrolls
 o - 4 scrolls of remove curse
 p - 2 scrolls of recharging
 r - 3 scrolls of fear
 C - a scroll of fog
 D - 2 scrolls of teleportation
 G - 3 scrolls of identify
 I - 2 scrolls of enchant weapon
Potions
 e - 2 potions of curing
 t - 2 potions of cure mutation
 w - a potion of heal wounds
 H - 2 potions of flight
Comestibles
 a - 3 beef jerkies
 d - 10 bread rations
 f - a royal jelly
 g - 6 meat rations
 n - 10 slices of pizza


   Skills:
 + Level 7.3 Fighting
 * Level 15.7 Axes
 + Level 8.2 Armour
 - Level 2.1 Dodging
 + Level 8.7 Evocations


You had 10 spell levels left.
You didn't know any spells.

Dungeon Overview and Level Annotations

Branches:
Dungeon (11/15)            Temple (0/1) D:5            Lair (1/6) D:11
    Orc (0/2) D:11

Altars:
Nemelex Xobeh
Trog
Beogh

Shops:
D:6 !=:[?   D:11 (


Innate Abilities, Weirdness & Mutations

You are resistant to damage.
You can recharge devices by infusing magical energy.
You passively map the area around you.
You do not regenerate.
Your flesh is heat resistant. (rF+)
Your magical capacity is low. (-10% MP)
Your spells are a little harder to cast, but a little more powerful.
You evolve.


Message History

You slice the anaconda skeleton!!
The anaconda skeleton is severely damaged.
The anaconda skeleton barely misses you.
The anaconda skeleton bites you but does no damage.
You slash the anaconda skeleton!
The anaconda skeleton is severely damaged.
You barely miss the skeletal warrior.
The skeletal warrior is moderately damaged.
The air gets thick with the scent of sulphur.
You slash the skeletal warrior!
The skeletal warrior is heavily damaged.
You hit the skeletal warrior but do no damage.
The skeletal warrior is heavily damaged.
The skeletal warrior barely misses you.
You slash the skeletal warrior!
The skeletal warrior is severely damaged.
You closely miss the skeletal warrior.
The skeletal warrior is severely damaged.
The skeletal warrior hits you with a dire flail of flaming!!
You die...

≈ ,* * ≈ ≈ ≈≈##* , .# , * 8
≈≈§≈§# .# * * * ≈§≈§§§≈##
.# ,# ,+ ≈ §§≈≈≈≈≈≈≈##
#.##.#* , §§§≈≈≈≈≈≈§§§###
.....,# * *
§≈§≈≈≈§≈≈≈§.#.##, ... ... ,
, ≈≈≈§≈≈§≈§§..§≈.###9#..#.#
* §≈≈≈≈≈§≈≈§§§§§§.@zZ.....#
≈≈≈≈≈§≈§≈§.§.§§###.#..#.#**
, * ≈≈≈≈§≈§..§§§#.## ...
...,, §≈§≈§.....#####*
*..... #* §.......###
*#.∩.## §.....### ...#
....### #### ...## ####


You could see a skeletal warrior, a gargoyle and an anaconda skeleton.

Vanquished Creatures
  Sonja (D:11)
  An unseen horror (D:10)
  The ghost of Monkfish the Covert, a novice KoBe of Trog (D:7)
  3 hill giants (D:10)
  Pikel (D:5)
  2 cyclopes
  A manticore (D:10)
  2 ugly things (D:11)
  2 centaur zombies (D:10)
  A gargoyle (D:11)
  A komodo dragon (D:11)
  A troll (D:11)
  Grinder (D:5)
  A flying skull (Volcano)
  A hippogriff (D:8)
  An alligator skeleton (Volcano)
  7 yaks (D:10)
  Eustachio (D:5)
  A vampire mosquito (D:10)
  A water moccasin (D:10)
  A hornet zombie (D:6)
  3 necrophages (D:10)
  3 phantoms
  7 orc warriors
  A black bear (D:10)
  4 slaves (D:5)
  3 ice beasts
  2 ogres
  3 centaurs
  A crocodile (D:7)
  A gnoll sergeant (D:8)
  A bullfrog (D:5)
  A wyvern zombie (D:10)
  5 scorpions
  5 killer bees
  4 wights (D:8)
  5 howler monkeys
  6 crimson imps
  3 bullfrog skeletons
  9 hounds
  3 jellies
  10 orc wizards
  2 gnoll shamans
  8 orc priests
  Jessica (D:3)
  A centaur skeleton (D:10)
  3 worker ants (D:6)
  2 iguanas
  A hound zombie (D:10)
  A hound skeleton (D:5)
  20 gnolls
  7 adders
  2 adder zombies
  An adder skeleton (D:9)
  A worm (D:4)
  4 dart slugs
  3 leopard geckos (D:6)
  44 orcs
  A ball python (D:3)
  6 giant cockroaches
  8 goblins
  3 hobgoblins
  17 jackals
  6 quokkas
  6 bats
  5 frilled lizards
  6 kobolds
  A quokka zombie (D:5)
  5 rats
277 creatures vanquished.

Vanquished Creatures (collateral kills)
  A hydra (D:10)
  An ugly thing (D:11)
  A two-headed ogre (D:11)
  A black bear (D:10)
  A sky beast (D:11)
  An ice beast (D:10)
  A hound (D:11)
7 creatures vanquished.

Vanquished Creatures (others)
  A wizard (D:6)
  A flying skull (Volcano)
  A plant (D:11)
3 creatures vanquished.

Grand Total: 287 creatures vanquished

Notes
Turn   | Place    | Note
-------+----------+-------------------------------------------
     0 | D:1      | Monsterracer the Deep Dwarf Berserker began the quest for the Orb.
     0 | D:1      | Reached XP level 1. HP: 20/20 MP: 1/1
   161 | D:1      | Reached skill level 4 in Axes
   161 | D:1      | Reached XP level 2. HP: 25/27 MP: 2/2
   509 | D:1      | Gained mutation: You have sharp toenails. [potion of mutation]
   509 | D:1      | Gained mutation: You have supernaturally acute eyesight. (SInv) [potion of mutation]
   509 | D:1      | Gained mutation: Your system is resistant to poisons. (rPois) [potion of mutation]
  1067 | D:2      | Reached XP level 3. HP: 13/33 MP: 3/3
  1069 | D:2      | Reached skill level 5 in Axes
  1172 | D:2      | Reached ** piety under Trog
  1423 | D:2      | Reached XP level 4. HP: 4/40 MP: 4/4
  1800 | D:3      | Noticed Jessica
  1809 | D:3      | Killed Jessica
  1809 | D:3      | Reached skill level 6 in Axes
  2164 | D:3      | Reached XP level 5. HP: 41/46 MP: 5/5
  2530 | D:4      | Reached skill level 7 in Axes
  2745 | D:4      | Got a brightly glowing copper ring
  2747 | D:4      | Identified the ring "Kikugoklou" {rPois rC- EV+4 Str+2} (You found it on level 4 of the Dungeon)
  2799 | D:4      | Noticed an orc warrior
  2805 | D:4      | Killed an orc warrior
  2805 | D:4      | Reached XP level 6. HP: 43/55 MP: 6/6
  2810 | D:4      | Reached skill level 8 in Axes
  3267 | D:4      | Reached XP level 7. HP: 60/61 MP: 0/7
  3526 | D:5      | Entered Level 5 of the Dungeon
  3540 | D:5      | Reached skill level 9 in Axes
  3636 | D:5      | Noticed Grinder
  3637 | D:5      | Paralysed by Grinder for 2 turns
  3645 | D:5      | Paralysed by Grinder for 2 turns
  3656 | D:5      | Killed Grinder
  3656 | D:5      | Reached skill level 10 in Axes
  3725 | D:5      | Found a staircase to the Ecumenical Temple.
  3747 | D:5      | Noticed Pikel
  3749 | D:5      | Noticed Eustachio
  3761 | D:5      | Killed Pikel
  3761 | D:5      | Reached skill level 11 in Axes
  3761 | D:5      | Reached XP level 8. HP: 68/68 MP: 8/8
  3765 | D:5      | Killed Eustachio
  3971 | D:5      | Reached *** piety under Trog
  3980 | D:5      | Reached skill level 12 in Axes
  4155 | D:6      | Found Nab Xura's Book Shop.
  4164 | D:6      | Found Voginneu's Jewellery Emporium.
  4546 | D:6      | Found a bloodstained altar of Trog.
  4548 | D:6      | Noticed a wizard
  4553 | D:6      | Killed a wizard
  4604 | D:6      | Found Liuts's Magic Scroll Shop.
  4609 | D:6      | Found Ereiwag's Armour Shop.
  4622 | D:6      | Bought a +1 pair of gloves of dexterity for 231 gold pieces
  4691 | D:6      | Gained mutation: You passively map the area around you. [Deep Dwarf growth]
  4691 | D:6      | Reached XP level 9. HP: 76/76 MP: 6/9
  4787 | D:6      | Found Ityac's Distillery.
  5077 | D:6      | Reached skill level 1 in Evocations
  5167 | D:7      | Noticed Monkfish's ghost (novice KoBe)
  5177 | D:7      | Killed Monkfish's ghost
  5239 | D:7      | Reached skill level 13 in Axes
  5587 | D:8      | Reached **** piety under Trog
  5757 | D:8      | Lost mutation: You have supernaturally acute eyesight. (SInv) [potion of cure mutation]
  5757 | D:8      | Lost mutation: You have sharp toenails. [potion of cure mutation]
  5757 | D:8      | Lost mutation: Your system is resistant to poisons. (rPois) [potion of cure mutation]
  5806 | D:8      | Reached skill level 5 in Fighting
  5806 | D:8      | Reached skill level 5 in Armour
  5808 | D:8      | Reached XP level 10. HP: 76/88 MP: 6/13
  5887 | D:8      | Reached ***** piety under Trog
  6246 | D:9      | Noticed a cyclops
  6250 | D:9      | Killed a cyclops
  6250 | D:9      | Reached skill level 5 in Evocations
  6289 | D:9      | Received a gift from Trog
  6428 | D:9      | Gained mutation: Your magical capacity is low. (-10% MP) [potion of mutation]
  6428 | D:9      | Gained mutation: Your flesh is heat resistant. (rF+) [potion of mutation]
  6428 | D:9      | Gained mutation: You evolve. [potion of mutation]
  6649 | D:10     | Entered Level 10 of the Dungeon
  6834 | D:10     | Found a sparkling altar of Nemelex Xobeh.
  6841 | D:10     | Reached skill level 14 in Axes
  6885 | D:10     | Noticed a manticore
  6890 | D:10     | Noticed a five-headed hydra
  6902 | D:10     | Killed a manticore
  6905 | D:10     | Killed a nine-headed hydra
  6966 | D:10     | Got an ichor-stained plate armour
  6977 | D:10     | Identified the +1 plate armour of Ipus {Dex+3} (You found it on level 10 of the Dungeon)
  7004 | D:10     | Noticed a hill giant
  7012 | D:10     | Killed a hill giant
  7115 | D:10     | Killed an unseen horror
  7115 | D:10     | Reached XP level 11. HP: 35/98 MP: 1/14
  7207 | D:10     | Got a dazzling scale mail
  7218 | D:10     | Identified the +2 scale mail of the Spheres {rC- MR+++ Str+4 Dex-3} (You found it on level 10 of the Dungeon)
  7394 | D:10     | Noticed a hill giant
  7405 | D:10     | Killed a hill giant
  7639 | D:10     | Reached skill level 15 in Axes
  7696 | D:10     | Noticed a hill giant
  7707 | D:10     | Killed a hill giant
  7956 | D:6      | Bought the ring of Lovaekk Uphi {rN+ MR+ Slay+2} for 579 gold pieces
  8134 | D:11     | Noticed Sonja
  8137 | D:11     | Killed Sonja
  8146 | D:11     | Found a staircase to the Lair.
  8312 | D:11     | Noticed a cyan ugly thing
  8316 | D:11     | Found Ryxipoc's Antique Weapon Emporium.
  8322 | D:11     | HP: 2/150 [cyan ugly thing (10)]
  8329 | D:11     | Killed a cyan ugly thing
  8398 | D:11     | Noticed a red ugly thing
  8400 | D:11     | Noticed a cyan ugly thing
  8405 | D:11     | Killed a red ugly thing
  8412 | D:11     | Killed a cyan ugly thing
  8458 | D:11     | Found a staircase to the Orcish Mines.
  8545 | D:11     | Found a roughly hewn altar of Beogh.
  8751 | D:11     | Gained mutation: Your spells are a little harder to cast, but a little more powerful. [evolution]
  8854 | Lair:1   | Entered Level 1 of the Lair of Beasts
  8875 | Lair:1   | Found a dark tunnel.
  8894 | Volcano  | Entered a volcano
  8972 | Volcano  | Noticed a skeletal warrior
  8980 | Volcano  | HP: 3/150 [gargoyle/mace (6)]
  8989 | Volcano  | Demolished by a skeletal warrior

Skill      XL: |  1  2  3  4  5  6  7  8  9 10 11 |
---------------+----------------------------------+-----
Axes           | 4 5 6 7 8 11 12 13 14 15 | 15.7
Fighting       | 3 5 6 7 |  7.3
Armour         | 3 5 6 8 |  8.2
Evocations     | 4 6 8 |  8.7
Dodging        | |  2.1

Action                   |  1- 3 |  4- 6 |  7- 9 | 10-12 || total
-------------------------+-------+-------+-------+-------++-------
Melee: Hand axe          |    77 |   122 |   224 |       ||   423
       Kick              |     9 |    34 |    92 |       ||   135
       Battleaxe         |       |       |    58 |   330 ||   388
Invok: Berserk           |     2 |     3 |    11 |    13 ||    29
       Trog's Hand       |       |     4 |     2 |    11 ||    17
       Brothers in Arms  |       |       |       |     2 ||     2
       Burn Spellbooks   |       |       |       |     1 ||     1
Evoke: Wand              |       |       |       |     4 ||     4
  Use: Potion            |     5 |     4 |     3 |     1 ||    13
       Scroll            |       |     2 |    11 |     6 ||    19
  Eat: Chunk             |     3 |    10 |    18 |    27 ||    58
       Fruit             |       |       |     2 |       ||     2
Armor: Animal skin       |    10 |       |       |       ||    10
       Ring mail         |     8 |    18 |       |       ||    26
       Plate armour      |       |     6 |    63 |   170 ||   239
Dodge: Dodged            |    59 |    79 |   150 |   243 ||   531
